 Dungeon Crawl Stone Soup version 0.26-a0-854-gdc81c2f471 (webtiles) character file.

Game seed: 5580286648365706324

2436 pablito the Blocker (level 9, -2/72 HPs)
             Began as a Formicid Fighter on Nov 24, 2020.
             Was an Initiate of Wu Jian.
             Slain by an orc warrior
             ... wielding a +0 long sword
              (4 damage)
             ... on level 6 of the Dungeon.
             The game lasted 00:24:35 (5593 turns).

pablito the Blocker (Formicid Fighter)              Turns: 5593, Time: 00:24:35

Health: -2/72      AC: 16    Str: 24    XL:     9   Next: 77%
Magic:  0/9        EV:  8    Int:  8    God:    Wu Jian [......]
Gold:   251        SH: 11    Dex: 10    Spells: 8/8 levels left

rFire    + . .     SeeInvis +   a - +0 war axe
rCold    . . .     Faith    .   c - +0 kite shield
rNeg     . . .     Spirit   +   x - +1 chain mail {rF+}
rPois    .         Reflect  .   (helmet unavailable)
rElec    .         Harm     .   l - +1 cloak
rCorr    .         Rampage  .   j - +0 pair of gloves
MR       .....                  t - +0 pair of boots
Stlth    ..........             m - amulet of guardian spirit
HPRegen  0.22/turn              e - ring of flight
MPRegen  0.11/turn              (no ring)

@: no status effects
A: permanent stasis, dig shafts and tunnels, four strong arms, antennae 3
a: Dig, Shaft Self, Renounce Religion, Evoke Flight


You were on level 6 of the Dungeon.
You worshipped Wu Jian.
Wu Jian was noncommittal.
You visited 2 branches of the dungeon, and saw 7 of its levels.

You collected 251 gold pieces.

Inventory:

Hand Weapons
 a - a +0 war axe (weapon)
Armour
 b - a +0 scale mail
 c - a +0 kite shield (worn)
 j - a +0 pair of gloves (worn)
 l - a +1 cloak (worn)
 t - a +0 pair of boots (worn)
 x - a +1 chain mail of fire resistance (worn)
Jewellery
 e - a ring of flight (left hand)
 m - an amulet of guardian spirit (around neck)
Wands
 d - a wand of iceblast (6)
 q - a wand of paralysis (6)
Scrolls
 f - a scroll of fog {unknown}
 g - a scroll of blinking {unknown}
 h - 2 scrolls of teleportation {unknown}
 k - a scroll of magic mapping {unknown}
 o - 2 scrolls of remove curse {unknown}
 p - a scroll of identify
 s - 3 scrolls of noise {unknown}
 v - a scroll of amnesia {unknown}
Potions
 i - 3 potions of curing
 n - a potion of mutation {unknown}
 r - a potion of cancellation
 u - 2 potions of brilliance {unknown}
 w - 2 potions of degeneration {unknown}


   Skills:
 + Level 7.6 Fighting
 + Level 6.5 Axes
 + Level 7.6 Armour
 + Level 8.3 Shields


You had 8 spell levels left.
You didn't know any spells.
Your spell library was empty.

Dungeon Overview and Level Annotations

Branches:
Dungeon (6/15)             Temple (1/1) D:5

Altars:
Ashenzari
Cheibriados
Dithmenos
Elyvilon
Fedhas
Hepliaklqana
Kikubaaqudgha
Nemelex Xobeh
Okawaru
Qazlal
Trog
Uskayaw
Vehumet
Wu Jian
Xom
Yredelemnul
Zin
The Shining One


Innate Abilities, Weirdness & Mutations

You cannot be hasted, slowed, berserked, paralysed or teleported.
You can dig through walls and to a lower floor.
Your four strong arms can wield two-handed weapons with a shield.
You have a pair of large antennae on your head. (SInv)


Message History

You hit the orc priest but do no damage.
The orc priest is severely wounded.
You closely miss the orc warrior. You block the orc priest's attack.
The orc warrior hits you with a +0 long sword!
You barely miss the orc priest.
The orc priest is severely wounded.
You closely miss the orc warrior. You block the orc priest's attack.
The orc priest looks encouraged for a moment.
You block the orc warrior's attack.
You barely miss the orc priest.
The orc priest is severely wounded.
You hit the orc warrior.
The orc priest invokes the aid of Beogh against you.
Beogh smites you!
* * * LOW HITPOINT WARNING * * *
The orc priest calls down the wrath of Beogh upon you.
Beogh smites you!
* * * LOW HITPOINT WARNING * * *
The orc warrior hits you with a +0 long sword.
You die...

#. . #.## ##.#
###.. #... .....##
##..# #...###...#
..####.#.....####..
...........<.......
####.....####.....
#..o@#### #[#
#.##o# #. #o# # #.#
#.. ##. #


You could see an orc warrior and 2 orc priests.

Vanquished Creatures
  Pikel (D:4)
  Grinder (D:5)
  Eustachio (D:5)
  Edmund (D:5)
  A phantom (D:4)
  5 ogres (D:4)
  3 centaurs (D:5)
  2 lemures (D:4)
  A scorpion (D:4)
  A howler monkey (D:5)
  A bullfrog zombie (D:5)
  3 hounds
  2 orc priests
  A bullfrog skeleton (D:5)
  Ijyb (D:5)
  Jessica (D:2)
  An iguana (D:4)
  4 worker ants
  Natasha (thrice) (D:2)
  3 orc wizards (D:5)
  A hound skeleton (D:5)
  7 adders
  An ufetubus (D:5)
  An ooze (D:1)
  2 adder skeletons (D:4)
  A worm (D:2)
  A dart slug (D:2)
  5 leopard geckos
  13 orcs
  2 ball pythons
  2 bats
  3 giant cockroaches
  5 goblins
  6 hobgoblins
  9 jackals
  9 kobolds
  2 quokkas
  5 frilled lizards
  6 rats
118 creatures vanquished.

Notes
Turn   | Place    | Note
-------+----------+-------------------------------------------
     0 | D:1      | pablito the Formicid Fighter began the quest for the Orb.
     0 | D:1      | Reached XP level 1. HP: 18/18 MP: 1/1
   110 | D:1      | Reached XP level 2. HP: 24/24 MP: 2/2
   742 | D:1      | Reached XP level 3. HP: 29/29 MP: 3/3
   823 | D:1      | Reached skill level 4 in Shields
   892 | D:2      | Noticed Natasha
   902 | D:2      | Killed Natasha
   903 | D:2      | Reached XP level 4. HP: 25/37 MP: 4/4
  1416 | D:2      | Noticed Jessica
  1424 | D:2      | Killed Jessica
  1480 | D:2      | Reached XP level 5. HP: 42/42 MP: 5/5
  1656 | D:2      | Noticed Natasha
  1670 | D:2      | Killed Natasha
  1916 | D:2      | Noticed Natasha
  1930 | D:2      | Killed Natasha
  2201 | D:3      | Reached XP level 6. HP: 49/49 MP: 6/6
  2387 | D:3      | Reached skill level 5 in Shields
  2606 | D:3      | Found a blossoming altar of Fedhas.
  2996 | D:4      | Noticed an ogre
  3004 | D:4      | Killed an ogre
  3005 | D:4      | Reached skill level 5 in Fighting
  3005 | D:4      | Reached skill level 5 in Armour
  3005 | D:4      | Reached XP level 7. HP: 30/56 MP: 7/7
  3205 | D:4      | Noticed Edmund
  3216 | D:5      | Entered Level 5 of the Dungeon
  3226 | D:5      | HP: 5/56 [poisoned by Edmund]
  3230 | D:5      | Killed Edmund
  3231 | D:5      | Reached skill level 6 in Shields
  3231 | D:5      | Reached XP level 8. HP: 15/63 MP: 8/8
  3572 | D:4      | Got a fine whip
  3573 | D:4      | Identified the cursed +2 whip of the Tundras {distort,
                  | Str+4} (You found it on level 4 of the Dungeon)
  3591 | D:4      | Found a snail-covered altar of Cheibriados.
  3707 | D:4      | Noticed Pikel
  3756 | D:4      | Killed Pikel
  3757 | D:4      | Reached skill level 5 in Axes
  3757 | D:4      | Reached skill level 7 in Shields
  3987 | D:4      | Reached XP level 9. HP: 71/71 MP: 9/9
  4125 | D:5      | Noticed Ijyb
  4133 | D:5      | Killed Ijyb
  4187 | D:5      | Noticed Grinder
  4207 | D:5      | Killed Grinder
  4226 | D:5      | Reached skill level 8 in Shields
  4663 | D:5      | Found a staircase to the Ecumenical Temple.
  4669 | Temple   | Entered the Ecumenical Temple
  4909 | Temple   | Became a worshipper of the Wu Jian Council
  5147 | D:5      | Noticed Eustachio
  5172 | D:5      | Killed Eustachio
  5593 | D:6      | HP: 2/72 [orc priest/divine providence (12)]
  5593 | D:6      | Slain by an orc warrior

Illustrated notes

Levels and vault maps discovered:
D:1:      onia_arrival_pentagram, layout_basic
D:2:      minmay_spotlight, layout_loops_cross, uniq_natasha, uniq_jessica
D:3:      layout_basic, lemuel_crystal_altar
D:4:      layout_cave_pools, lemuel_coloured_pillars_altar, uniq_edmund,
          uniq_pikel
D:5:      layout_layer_cave, minmay_temple_entry_wispy, uniq_grinder,
          uniq_eustachio, uniq_ijyb
D:6:      layout_rooms, nicolae_overflow_crystal_walls, grunt_dithmenos_smoke
Temple:   eino_temple_rhombus

Skill      XL: |  1  2  3  4  5  6  7  8  9 |
---------------+----------------------------+-----
Shields        | 4 5 6 7 8 |  8.3
Fighting       | 4 5 6 7 |  7.6
Armour         | 4 5 6 7 |  7.6
Axes           | 3 4 5 6 |  6.5

Action                   |  1- 3 |  4- 6 |  7- 9 || total
-------------------------+-------+-------+-------++-------
Melee: War axe           |    77 |   158 |   258 ||   493
Invok: Lunge             |       |       |     1 ||     1
  Use: Scroll            |     1 |       |     2 ||     3
       Potion            |       |     1 |     3 ||     4
Armor: Scale mail        |    38 |    66 |    92 ||   196
       Chain mail        |       |       |     6 ||     6
Dodge: Dodged            |    16 |    45 |    84 ||   145
Block: Kite shield       |    34 |    83 |   176 ||   293

Table legend: (Time is in decaauts)
 A = Elapsed time spent in this place.
 B = Non-inter-level travel time spent in this place.
 C = Inter-level travel time spent in this place.
 D = Time resting spent in this place.
 E = Time spent auto-exploring this place.
 F = Levels seen in this place.
 G = Mean time per level.
                   A        B        C        D        E       F      G
               +--------+--------+--------+--------+--------+-----+--------+
         Total |   5756 |   5444 |    312 |    210 |   4084 |   7 |  822.3 |
       Dungeon |   5510 |   5280 |    230 |    210 |   3953 |   6 |  918.3 |
        Temple |    246 |    164 |     82 |      0 |    131 |   1 |  246.0 |
               +--------+--------+--------+--------+--------+-----+--------+

Top non-repeatable levels by time:
     D:5: 1315 daAuts
     D:2: 1313 daAuts
     D:4: 1299 daAuts
     D:1: 885 daAuts
     D:3: 673 daAuts
  Temple: 246 daAuts
     D:6: 23 daAuts
